 Dungeon Crawl Stone Soup version 0.27-a0-1378-gdefffd1ff6 (webtiles) character file.

Game seed: 9255416550697187530

229 funkygono the Firebug (level 6, 0/32 HPs)
             Began as a Gargoyle Fire Elementalist on June 29, 2021.
             Slain by a water moccasin zombie (2 damage)
             ... in an ossuary.
             The game lasted 00:07:34 (3699 turns).

funkygono the Firebug (Gargoyle Fire Elementalist)  Turns: 3699, Time: 00:07:35

Health: 0/32       AC:  6    Str: 12    XL:     6   Next: 3%
Magic:  0/10       EV: 12    Int: 17    God:
Gold:   143        SH:  5    Dex: 10    Spells: 1/11 levels left

rFire    . . .     SeeInvis .   j - +1 whip
rCold    . . .     Faith    .   (no shield)
rNeg     + . .     Spirit   .   a - +0 robe
rPois    ∞         Reflect  +   (no helmet)
rElec    +         Harm     .   (no cloak)
rCorr    .         Rampage  .   (no gloves)
Will     .....                  (no boots)
Stlth    ++........             b - amulet of reflection
HPRegen  0.10/turn              (no ring)
MPRegen  0.12/turn              (no ring)

@: no status effects
A: sickness immunity, AC +4, negative energy resistance 1, electricity
resistance, torment resistance 1, petrification resistance
a: no special abilities


You were in an ossuary.
You visited 1 branch of the dungeon, and saw 4 of its levels.
You also visited: Ossuary.

You collected 143 gold pieces.

Inventory:

Hand Weapons
 g - a +0 mace
 h - a +0 club
 j - a +1 whip (weapon)
Armour
 a - a +0 robe (worn)
 c - a +1 leather armour
 f - a +0 buckler
Magical Staves
 d - a staff of cold
Jewellery
 b - an amulet of reflection (around neck)
Scrolls
 i - 2 scrolls of teleportation
 n - 2 scrolls of identify
Potions
 e - 2 potions of curing
 k - 3 potions of flight


   Skills:
 + Level 0.2 Fighting
 + Level 0.3 Maces & Flails
 + Level 2.3 Dodging
 - Level 2.1 Stealth
 + Level 0.6 Shields
 + Level 3.2 Spellcasting
 + Level 3.0 Conjurations
 + Level 4.3 Fire Magic


You had one spell level left.
You knew the following spells:

 Your Spells              Type           Power      Damage    Failure   Level
a - Foxfire               Conj/Fire      60%        2x1d7     3%          1
b - Sticky Flame          Conj/Fire      15%        2d4       36%         4
c - Fireball              Conj/Fire      7%         3d5       71%         5

Your spell library contained the following spells:

 Spells                   Type           Power      Damage    Failure   Level
 Conjure Flame            Conj/Fire      15%        6-21      11%         3
 Inner Flame              Hex/Fire       10%        N/A       22%         3


Dungeon Overview and Level Annotations

Branches:
Dungeon (4/15)            Ossuary (1/1)
 Temple: D:4-7

Altars:
Zin

Shops:
D:2 *   D:3 *


Innate Abilities, Weirdness & Mutations

You are immune to sickness and miasma.
Your stone body is resilient. (AC +4)
You are immune to poison.
You resist negative energy. (rN+)
You are resistant to electric shocks. (rElec)
You are resistant to unholy torment.
You are immune to petrification.


Message History

You barely miss the orc zombie.
The foxfire hits the water moccasin zombie.
The water moccasin zombie is moderately damaged.
The foxfire hits the water moccasin zombie.
The water moccasin zombie is moderately damaged.
You block the water moccasin zombie's attack.
The orc zombie closely misses you.
You hit the orc zombie.
The orc zombie is moderately damaged.
The water moccasin zombie bites you. You block the orc zombie's attack.
You hit the orc zombie.
You destroy the orc zombie!
The water moccasin zombie bites you.
The water moccasin zombie bites you but does no damage.
The water moccasin zombie bites you but does no damage.
You hit the water moccasin zombie but do no damage.
The water moccasin zombie is moderately damaged.
The water moccasin zombie misses you.
You whack the water moccasin zombie!
The water moccasin zombie is heavily damaged.
The water moccasin zombie bites you.
* * * LOW HITPOINT WARNING * * *
The water moccasin zombie bites you but does no damage.
Casting: Foxfire (safe; 3% risk of failure)
Confirm with . or Enter, or press ? or * to list all spells.
You conjure some foxfire!
The water moccasin zombie misses you.
The foxfire hits the water moccasin zombie.
The water moccasin zombie is severely damaged.
The foxfire hits the water moccasin zombie.
The water moccasin zombie is almost destroyed.
The water moccasin zombie bites you but does no damage.
Casting: Foxfire (safe; 3% risk of failure)
Confirm with . or Enter, or press ? or * to list all spells.
You don't have enough magic to cast this spell.
You closely miss the water moccasin zombie.
The water moccasin zombie is almost destroyed.
The water moccasin zombie bites you.
* * * LOW HITPOINT WARNING * * *
The water moccasin zombie bites you.
You die...

################## ###
#...#^^^@Z...#.^^#..∩#
#...'^^.#....'^^.'...#
#...#^.^#....#.^^#...#
##'############### ###
#^^^# #^^^# #..^#
#.^.# #'###


You could see a water moccasin zombie.

Vanquished Creatures
  2 water moccasin zombies (Ossuary)
  A hound (D:2)
  5 adder zombies (Ossuary)
  A worm (D:2)
  5 orcs (D:3)
  6 bats
  5 endoplasms
  4 giant cockroaches
  A gnoll zombie (Ossuary)
  2 goblins
  6 hobgoblins
  2 jackals (D:2)
  2 quokkas
  7 ball pythons
  4 frilled lizards
  2 hobgoblin zombies (Ossuary)
  8 kobolds
  5 kobold zombies (Ossuary)
  5 orc zombies (Ossuary)
  4 rats
77 creatures vanquished.

Vanquished Creatures (others)
  An orc zombie (Ossuary)
  268 foxfires
269 creatures vanquished.

Grand Total: 346 creatures vanquished

Notes
Turn   | Place    | Note
-------+----------+-------------------------------------------
     0 | D:1      | funkygono the Gargoyle Fire Elementalist began the quest
                  | for the Orb.
     0 | D:1      | Reached XP level 1. HP: 10/10 MP: 3/3
   400 | D:1      | Reached XP level 2. HP: 15/15 MP: 1/5
  1108 | D:1      | Reached XP level 3. HP: 19/19 MP: 3/6
  1327 | D:2      | Reached XP level 4. HP: 23/24 MP: 0/7
  1428 | D:2      | Learned a level 4 spell: Sticky Flame
  1703 | D:2      | Found Putwedos's General Store.
  1709 | D:2      | Found a faded altar of an unknown god.
  2431 | D:3      | Found Zin's Purification Station.
  2456 | D:3      | Found a glowing silver altar of Zin.
  3132 | D:4      | Found a sand-covered staircase.
  3140 | Ossuary  | Entered an ossuary
  3222 | Ossuary  | Reached skill level 4 in Fire Magic
  3457 | Ossuary  | Reached XP level 5. HP: 23/28 MP: 3/9
  3512 | Ossuary  | Learned a level 5 spell: Fireball
  3680 | Ossuary  | Reached XP level 6. HP: 25/32 MP: 0/10
  3698 | Ossuary  | HP: 1/32 [water moccasin zombie (6)]
  3699 | Ossuary  | Slain by a water moccasin zombie

Illustrated notes

Levels and vault maps discovered:
D:1:      onia_arrival_mini_spirals, layout_loops_ring
D:2:      layout_rooms, serial_shops, shop, basic_ecumenical_altar
D:3:      kennysheep_big_flooded_room, layout_rooms, zin_purify,
          lemuel_flame_loot_1
D:4:      layout_loops_ring, marbit_many_paths, fedhas_ov_isle_minmay,
          ebering_ghost_sewer_f, nicolae_ossuary_entry_plus, st_stairs_9,
          uniq_robin, uniq_duvessa
Ossuary:  ossuary_tomb_2

Skill      XL: |  1  2  3  4  5 |
---------------+----------------+-----
Conjurations   | 2 3 |  3.0
Dodging        | 2 |  2.3
Fire Magic     | 4 |  4.3
Spellcasting   | 3 |  3.2
Fighting       | |  0.2
Maces & Flails | |  0.3
Stealth        | |  2.1
Shields        | |  0.6

Action                   |  1- 3 |  4- 6 || total
-------------------------+-------+-------++-------
Melee: Club              |     8 |       ||     8
       Whip              |     2 |    53 ||    55
 Cast: Foxfire           |    46 |   107 ||   153
  Use: Scroll            |     4 |     4 ||     8
Armor: Robe              |    11 |    27 ||    38
Dodge: Dodged            |    12 |    63 ||    75
Block: Other             |     3 |    25 ||    28

Table legend: (Time is in decaauts)
 A = Elapsed time spent in this place.
 B = Non-inter-level travel time spent in this place.
 C = Inter-level travel time spent in this place.
 D = Time resting spent in this place.
 E = Time spent auto-exploring this place.
 F = Levels seen in this place.
 G = Mean time per level.
                   A        B        C        D        E       F      G
               +--------+--------+--------+--------+--------+-----+--------+
         Total |   3704 |   3617 |     87 |    371 |   2618 |   5 |  740.8 |
       Dungeon |   3143 |   3056 |     87 |     12 |   2575 |   4 |  785.8 |
       Ossuary |    560 |    560 |      0 |    359 |     43 |   1 |  560.0 |
               +--------+--------+--------+--------+--------+-----+--------+

Top non-repeatable levels by time:
     D:1: 1168 daAuts
     D:3: 1163 daAuts
     D:2: 752 daAuts
 Ossuary: 560 daAuts
     D:4: 59 daAuts
